A- EAST
SALEM RED SOX @ COLUMBIA FIREFLIES
09/02/2041
 
TOP OF THE 1ST
Salem Red Sox batting - Pitching for Columbia Fireflies : RHP Doug Bland
Pitching: RHP Doug Bland
Batting: LHB Dave Duarte 0-0: Swinging Strike
0-1: Ball
1-1: Ground out U3 (Groundball, 34, EV 90.0 MPH)
Batting: RHB Manny Durango 0-0: Foul Ball, location: 2F
0-1: Ball
1-1: SOLO HOME RUN (Flyball, 9D, EV 93.1 MPH), Distance : 361 ft
Batting: SHB António Cerda 0-0: Ball
1-0: Ground out 4-3 (Groundball, 4, EV 81.3 MPH)
Batting: RHB Dani Lópes 0-0: Called Strike
0-1: Foul Ball, location: 2F
0-2: Ball
1-2: Foul Ball, location: 9LDF
1-2: Fly out, F4 (Line Drive, 4, EV 66.9 MPH)
Top of the 1st over - 1 run, 1 hit, 0 errors, 0 left on base; Salem 1 - Columbia 0
BOTTOM OF THE 1ST
Columbia Fireflies batting - Pitching for Salem Red Sox : LHP Cris Minero
Pitching: LHP Cris Minero
Batting: RHB Kevin Ortíz 0-0: Called Strike
0-1: Called Strike
0-2: Foul Ball, location: 3F
0-2: Foul Ball, location: 2F
0-2: Ball
1-2: Ground out 6-3 (Groundball, 6, EV 108.8 MPH)
Batting: RHB Sancho Hernández 0-0: Ball
1-0: Swinging Strike
1-1: Called Strike
1-2: Ball
2-2: Ball
3-2: Base on Balls
Batting: RHB Scotty Campbell 0-0: Ball
1-0: Called Strike
1-1: Ball
2-1: SINGLE (Groundball, 56S, EV 65.6 MPH) (infield hit)
Sancho Hernández to second
Batting: LHB Luis Ramos 0-0: Called Strike
0-1: Ball
1-1: Swinging Strike
1-2: Strikes out swinging
Batting: RHB Luis Rivera 0-0: Ball
1-0: Foul Ball, location: 5F
1-1: Called Strike
1-2: Strikes out swinging
Bottom of the 1st over - 0 runs, 1 hit, 0 errors, 2 left on base; Salem 1 - Columbia 0
TOP OF THE 2ND
Salem Red Sox batting - Pitching for Columbia Fireflies : RHP Doug Bland
Batting: RHB Jeff Clark 0-0: Called Strike
0-1: Ball
1-1: Ground out U3 (Groundball, 34S, EV 91.9 MPH)
Batting: RHB Rob Alexander 0-0: Ball
1-0: Foul Ball, location: 5F
1-1: Ball
2-1: Called Strike
2-2: Foul Ball, location: 9LSF
2-2: Ball
3-2: Base on Balls
Batting: SHB Adrián Duartes 0-0: Ball
1-0: Foul Ball, location: 3FF
1-1: Ball
2-1: Grounds into double play, 3-6-1 (Groundball, 3, EV 105.6 MPH)
Top of the 2nd over - 0 runs, 0 hits, 0 errors, 0 left on base; Salem 1 - Columbia 0
BOTTOM OF THE 2ND
Columbia Fireflies batting - Pitching for Salem Red Sox : LHP Cris Minero
Batting: RHB Juan Vera 0-0: Called Strike
0-1: Ground out 4-3 (Groundball, 34, EV 87.5 MPH)
Batting: LHB Jon Márquez 0-0: Called Strike
0-1: Ball
1-1: Ball
2-1: Foul Ball, location: 2F
2-2: Strikes out looking
Batting: RHB Ron Shaw 0-0: Ball
1-0: Called Strike
1-1: Foul Ball, location: 2F
1-2: Ball
2-2: Foul Ball, location: 2F
2-2: Strikes out swinging
Bottom of the 2nd over - 0 runs, 0 hits, 0 errors, 0 left on base; Salem 1 - Columbia 0
TOP OF THE 3RD
Salem Red Sox batting - Pitching for Columbia Fireflies : RHP Doug Bland
Batting: LHB Luis Cabrera 0-0: Called Strike
0-1: Fly out, F7 (Flyball, 7S, EV 89.4 MPH)
Batting: RHB Alex Russell 0-0: Called Strike
0-1: Ball
1-1: Foul Ball, location: 5F
1-2: Foul Ball, location: 2F
1-2: Ball
2-2: Hit by Pitch
Batting: LHB Dave Duarte 0-0: Called Strike
0-1: Ball
1-1: Called Strike
Alex Russell steals 2nd base
1-2: Foul Ball, location: 2F
1-2: Ball
2-2: Foul Ball, location: 2F
2-2: Ball
3-2: Hit by Pitch
Batting: RHB Manny Durango 0-0: Ball
1-0: Ball
2-0: Foul Ball, location: 2F
2-1: Called Strike
2-2: Ball
3-2: Strikes out swinging
Batting: SHB António Cerda 0-0: Called Strike
0-1: Swinging Strike
0-2: Strikes out looking
Top of the 3rd over - 0 runs, 0 hits, 0 errors, 2 left on base; Salem 1 - Columbia 0
BOTTOM OF THE 3RD
Columbia Fireflies batting - Pitching for Salem Red Sox : LHP Cris Minero
Batting: RHB Ánibal Viera 0-0: Called Strike
0-1: Called Strike
0-2: Strikes out looking
Batting: RHB Kevin Ortíz 0-0: Called Strike
0-1: Ball
1-1: Ball
2-1: Foul Ball, location: 2F
2-2: Foul Ball, location: 9LMF
2-2: DOUBLE (Flyball, 8RXD, EV 100.6 MPH)
Batting: RHB Sancho Hernández 0-0: Foul Ball, location: 3F
0-1: Ball
1-1: Ball
Passed Ball!
Kevin Ortíz to third
2-1: Fly out, F8 (Flyball, 8RD, EV 84.4 MPH)
Runner from 3rd tags up, SCORES, throw by CF
Batting: RHB Scotty Campbell 0-0: Foul Ball, location: 2F
0-1: Foul Ball, location: 2F
0-2: Ball
1-2: Ball
2-2: Ball
3-2: SINGLE (Line Drive, 78S, EV 90.0 MPH)
Batting: LHB Luis Ramos 0-0: Called Strike
0-1: Ball
1-1: Foul Ball, location: 2F
1-2: Ball
2-2: DOUBLE (Line Drive, 78M, EV 110.0 MPH)
Scotty Campbell to third
Batting: RHB Luis Rivera 0-0: Ball
1-0: Called Strike
1-1: Called Strike
1-2: Foul Ball, location: 2F
1-2: Ball
2-2: Strikes out looking
Bottom of the 3rd over - 1 run, 3 hits, 0 errors, 2 left on base; Salem 1 - Columbia 1
TOP OF THE 4TH
Salem Red Sox batting - Pitching for Columbia Fireflies : RHP Doug Bland
Batting: RHB Dani Lópes 0-0: Ball
1-0: Foul Ball, location: 2F
1-1: Called Strike
1-2: Strikes out looking
Batting: RHB Jeff Clark 0-0: Ball
1-0: SINGLE (Groundball, 25, EV 71.3 MPH) (infield hit)
Batting: RHB Rob Alexander 0-0: Ball
1-0: Foul Ball, location: 2F
1-1: Swinging Strike
1-2: Strikes out looking
Batting: SHB Adrián Duartes 0-0: Ball
1-0: Called Strike
1-1: Ball
2-1: Swinging Strike
2-2: Foul Ball, location: 7LDF
2-2: Hit by Pitch
Jeff Clark to second
Batting: LHB Luis Cabrera 0-0: Called Strike
0-1: 3-RUN HOME RUN (Flyball, 89XD, EV 100.0 MPH), Distance : 395 ft
Batting: RHB Alex Russell 0-0: Ball
1-0: Foul Ball, location: 5F
1-1: Ball
2-1: Swinging Strike
2-2: Strikes out swinging
Top of the 4th over - 3 runs, 2 hits, 0 errors, 0 left on base; Salem 4 - Columbia 1
BOTTOM OF THE 4TH
Columbia Fireflies batting - Pitching for Salem Red Sox : LHP Cris Minero
Batting: RHB Juan Vera 0-0: Called Strike
0-1: Ball
1-1: Ball
2-1: Ball
3-1: Base on Balls
Batting: LHB Jon Márquez 0-0: Ball
1-0: Ball
2-0: Foul Ball, location: 2F
2-1: Ball
3-1: Foul Ball, location: 2F
3-2: Foul Ball, location: 2F
3-2: Fly out, F9 (Flyball, 9, EV 98.8 MPH)
Pitching: RHP Jon Moore
Batting: RHB Ron Shaw 0-0: Ball
1-0: Ball
2-0: Called Strike
2-1: Ball
3-1: Called Strike
3-2: Strikes out looking
Batting: RHB Ánibal Viera 0-0: Ball
1-0: Called Strike
1-1: Ball
2-1: SINGLE (Flyball, 4MD, EV 83.8 MPH)
Juan Vera to second
Batting: RHB Kevin Ortíz 0-0: Called Strike
0-1: Ball
1-1: Swinging Strike
1-2: Foul Ball, location: 7LMFF
1-2: Ball
2-2: Foul Ball, location: 7LDF
2-2: Foul Ball, location: 5DF
2-2: Foul Ball, location: 23FF
2-2: Ball
3-2: Foul Ball, location: 2F
3-2: Strikes out swinging
Bottom of the 4th over - 0 runs, 1 hit, 0 errors, 2 left on base; Salem 4 - Columbia 1
TOP OF THE 5TH
Salem Red Sox batting - Pitching for Columbia Fireflies : RHP Doug Bland
Batting: LHB Dave Duarte 0-0: Ball
1-0: Fly out, F9 (Flyball, 9LMF, EV 109.4 MPH)
Batting: RHB Manny Durango 0-0: Swinging Strike
0-1: Foul Ball, location: 9LSFF
0-2: Ground out 1-3 (Groundball, 34S, EV 71.3 MPH)
Batting: SHB António Cerda 0-0: Ball
1-0: Ball
2-0: Ground out 6-3 (Groundball, 6, EV 85.6 MPH)
Top of the 5th over - 0 runs, 0 hits, 0 errors, 0 left on base; Salem 4 - Columbia 1
BOTTOM OF THE 5TH
Columbia Fireflies batting - Pitching for Salem Red Sox : RHP Jon Moore
Batting: RHB Sancho Hernández 0-0: Called Strike
0-1: Ball
1-1: Fly out, F9 (Flyball, 9D, EV 111.3 MPH)
Batting: RHB Scotty Campbell 0-0: Foul Ball, location: 2F
0-1: Ground out 4-3 (Groundball, 4, EV 104.4 MPH)
Batting: LHB Luis Ramos 0-0: Ball
1-0: Ball
2-0: Ball
3-0: Base on Balls
Batting: RHB Luis Rivera 0-0: Ball
1-0: Called Strike
1-1: Ball
2-1: Foul Ball, location: 5SF
2-2: Foul Ball, location: 2F
2-2: Foul Ball, location: 2F
2-2: SINGLE (Line Drive, 8LS, EV 98.1 MPH)
Luis Ramos to second
Runner from 2nd tries for 3rd, SAFE, throw by CF made to third
Pinch Hitting: RHB Alfredo Díaz 0-0: Called Strike
0-1: Swinging Strike
0-2: Strikes out swinging
Bottom of the 5th over - 0 runs, 1 hit, 0 errors, 2 left on base; Salem 4 - Columbia 1
TOP OF THE 6TH
Salem Red Sox batting - Pitching for Columbia Fireflies : RHP Doug Bland
Now at 3B: Chris Robbins
Batting: RHB Dani Lópes 0-0: Called Strike
0-1: Foul Ball, location: 3FF
0-2: Foul Ball, location: 23FF
0-2: Ball
1-2: Strikes out swinging
Pitching: RHP Dave Hathaway
Batting: RHB Jeff Clark 0-0: Ball
1-0: DOUBLE (Line Drive, 9LS, EV 91.3 MPH)
Batting: RHB Rob Alexander 0-0: Intentional Walk
Batting: SHB Adrián Duartes 0-0: Swinging Strike
0-1: Ball
1-1: Called Strike
1-2: Grounds into double play, 4-6-3 (Groundball, 4, EV 78.8 MPH)
Top of the 6th over - 0 runs, 1 hit, 0 errors, 1 left on base; Salem 4 - Columbia 1
BOTTOM OF THE 6TH
Columbia Fireflies batting - Pitching for Salem Red Sox : RHP Jon Moore
Batting: LHB Jon Márquez 0-0: Swinging Strike
0-1: Ball
1-1: Called Strike
1-2: Strikes out looking
Batting: RHB Ron Shaw 0-0: Ground out 3-1 (Groundball, 34S, EV 90.6 MPH)
Pinch Hitting: RHB Jorge Morín 0-0: Foul Ball, location: 2F
0-1: Ball
1-1: SINGLE (Groundball, 4D, EV 97.5 MPH)
Batting: RHB Kevin Ortíz 0-0: Swinging Strike
0-1: Swinging Strike
0-2: Ball
1-2: Ball
2-2: Foul Ball, location: 2RF
2-2: Ball
3-2: Fly out, F9 (Flyball, 9D, EV 106.3 MPH)
Bottom of the 6th over - 0 runs, 1 hit, 0 errors, 1 left on base; Salem 4 - Columbia 1
TOP OF THE 7TH
Salem Red Sox batting - Pitching for Columbia Fireflies : RHP Dave Hathaway
Now at 1B: José González
Batting: LHB Luis Cabrera 0-0: Foul Ball, location: 3DF
0-1: Ball
1-1: Called Strike
1-2: Ball
2-2: Fly out, F8 (Flyball, 8LD, EV 95.6 MPH)
Batting: RHB Alex Russell 0-0: Ball
1-0: Called Strike
1-1: Ground out 4-3 (Groundball, 4, EV 88.8 MPH)
Batting: LHB Dave Duarte 0-0: Ball
1-0: SOLO HOME RUN (Flyball, 78XD, EV 106.9 MPH), Distance : 412 ft
Batting: RHB Manny Durango 0-0: SINGLE (Line Drive, 4M, EV 100.0 MPH)
Batting: SHB António Cerda 0-0: Ground out 4-3 (Groundball, 34, EV 111.3 MPH)
Top of the 7th over - 1 run, 2 hits, 0 errors, 1 left on base; Salem 5 - Columbia 1
BOTTOM OF THE 7TH
Columbia Fireflies batting - Pitching for Salem Red Sox : RHP Jon Moore
Batting: RHB Sancho Hernández 0-0: Ball
1-0: Ball
2-0: Ball
3-0: Called Strike
3-1: Ground out 6-3 (Groundball, 6, EV 63.8 MPH)
Batting: RHB Scotty Campbell 0-0: Ball
1-0: Ball
2-0: Ground out 6-3 (Groundball, 6, EV 88.8 MPH)
Batting: LHB Luis Ramos 0-0: Called Strike
0-1: Ball
1-1: Ball
2-1: Ground out 4-3 (Groundball, 34D, EV 103.1 MPH)
Bottom of the 7th over - 0 runs, 0 hits, 0 errors, 0 left on base; Salem 5 - Columbia 1
TOP OF THE 8TH
Salem Red Sox batting - Pitching for Columbia Fireflies : RHP Dave Hathaway
Batting: RHB Dani Lópes 0-0: Called Strike
0-1: Called Strike
0-2: Strikes out swinging
Batting: RHB Jeff Clark 0-0: Foul Ball, location: 23F
0-1: Foul Ball, location: 3FF
0-2: Foul Ball, location: 2F
0-2: Foul Ball, location: 2F
0-2: Ball
1-2: Strikes out swinging
Batting: RHB Rob Alexander 0-0: Ball
1-0: Ball
2-0: Ball
3-0: Base on Balls
Batting: SHB Adrián Duartes 0-0: Ball
1-0: Ball
2-0: Ball
3-0: Called Strike
3-1: Called Strike
3-2: Base on Balls
Rob Alexander to second
Batting: LHB Luis Cabrera 0-0: Ball
1-0: Ball
2-0: Ball
3-0: Base on Balls
Rob Alexander to third
Adrián Duartes to second
Batting: RHB Alex Russell 0-0: Ball
1-0: Fielders Choice at 2nd, 6-4 (Groundball, 6, EV 91.3 MPH)
Top of the 8th over - 0 runs, 0 hits, 0 errors, 3 left on base; Salem 5 - Columbia 1
BOTTOM OF THE 8TH
Columbia Fireflies batting - Pitching for Salem Red Sox : RHP Jon Moore
Pitching: RHP Frazer Cleeton
Pinch Hitting: RHB Jim Hart 0-0: Ball
1-0: Ball
2-0: Foul Ball, location: 9LSF
2-1: Foul Ball, location: 2F
2-2: Strikes out swinging
Batting: RHB Chris Robbins 0-0: Fly out, F9 (Flyball, 89M, EV 90.0 MPH)
Batting: LHB Jon Márquez 0-0: Ball
1-0: SINGLE (Line Drive, 6MD, EV 102.5 MPH)
Batting: RHB Ron Shaw 0-0: Ball
1-0: Ball
2-0: Foul Ball, location: 2F
2-1: Foul Ball, location: 9LMF
2-2: Foul Ball, location: 5FF
2-2: Strikes out swinging
Bottom of the 8th over - 0 runs, 1 hit, 0 errors, 1 left on base; Salem 5 - Columbia 1
TOP OF THE 9TH
Salem Red Sox batting - Pitching for Columbia Fireflies : RHP Dave Hathaway
Pitching: LHP Joe Hall
Now in LF: Scotty Campbell
Now in CF: Jim Hart
Now in RF: Sancho Hernández
Batting: LHB Dave Duarte 0-0: Ball
1-0: Ball
2-0: Ball
3-0: Base on Balls
Batting: RHB Manny Durango 0-0: Ball
1-0: SINGLE (Groundball, 34D, EV 103.8 MPH)
Dave Duarte to second
Runner from 2nd tries for 3rd, SAFE, throw by RF made to third
Batting: SHB António Cerda 0-0: Ball
1-0: Called Strike
1-1: Called Strike
1-2: Strikes out swinging
Batting: RHB Dani Lópes 0-0: Ball
1-0: Ball
2-0: DOUBLE (Line Drive, 89D, EV 103.8 MPH)
Dave Duarte scores
Manny Durango to third
Runner from 3rd tries for Home, SAFE, no throw by CF
Batting: RHB Jeff Clark 0-0: Ground out 5-3 (Groundball, 5S, EV 90.0 MPH)
Batting: RHB Rob Alexander 0-0: Called Strike
0-1: Ball
1-1: Ground out 6-3 (Groundball, 6, EV 90.0 MPH)
Top of the 9th over - 2 runs, 2 hits, 0 errors, 1 left on base; Salem 7 - Columbia 1
BOTTOM OF THE 9TH
Columbia Fireflies batting - Pitching for Salem Red Sox : RHP Frazer Cleeton
Batting: LHB José González 0-0: Swinging Strike
0-1: Swinging Strike
0-2: Ball
1-2: Ball
2-2: Ball
3-2: Strikes out swinging
Batting: RHB Kevin Ortíz 0-0: Ball
1-0: Ball
2-0: Ball
3-0: Called Strike
3-1: SINGLE (Line Drive, 7LM, EV 105.6 MPH)
Pinch Hitting: RHB Rodrigo Jiménez 0-0: Ball
Wild Pitch!
Kevin Ortíz to second
1-0: Ball
2-0: Ball
3-0: Called Strike
3-1: Base on Balls
Batting: RHB Scotty Campbell 0-0: Ball
1-0: Foul Ball, location: 2F
1-1: Ball
2-1: Ball
3-1: Base on Balls
Kevin Ortíz to third
Rodrigo Jiménez to second
Batting: LHB Luis Ramos 0-0: Ball
1-0: Called Strike
1-1: Foul Ball, location: 23F
1-2: Ball
2-2: Strikes out looking
Batting: RHB Jim Hart 0-0: Ball
1-0: Ball
2-0: Called Strike
2-1: Foul Ball, location: 9LDF
2-2: Ball
3-2: SINGLE (Groundball, 6MD, EV 101.3 MPH)
Kevin Ortíz scores
Rodrigo Jiménez to third
Scotty Campbell to second
Rodrigo Jiménez scores
Scotty Campbell to third
Batting: RHB Chris Robbins 0-0: Called Strike
0-1: Foul Ball, location: 2F
0-2: Fly out, F9 (Flyball, 9LS, EV 90.0 MPH)
Bottom of the 9th over - 2 runs, 2 hits, 0 errors, 2 left on base; Salem 7 - Columbia 3
Monday, April 1st , 2024 - OOTP Baseball 24.10 Build 82